 Dungeon Crawl Stone Soup version 0.23.2-33-g5129a83184 (webtiles) character file.

Game seed: 12043894768262356400

268 AarnesTheHuman the Gusty (level 6, -3/32 HPs)
             Began as a Tengu Air Elementalist on July 31, 2019.
             Slain by Blork the orc
             ... wielding a +2 vampiric glaive
              (8 damage)
             ... on level 5 of the Dungeon.
             The game lasted 00:11:13 (4195 turns).

AarnesTheHuman the Gusty (Tengu Air Elementalist)   Turns: 4195, Time: 00:11:13

Health: -3/32      AC:  3    Str:  8      XL:     6   Next: 21%
Magic:  5/21       EV: 13    Int: 17      God:
Gold:   187        SH:  0    Dex:  9 (15) Spells: 1/11 levels left

rFire    . . .     SeeInvis +   o - +2 spear (venom)
rCold    . . .     Gourm    +   (no shield)
rNeg     . . .     Faith    .   s - +1 animal skin
rPois    .         Spirit   .   (helmet restricted)
rElec    .         Reflect  .   (no cloak)
rCorr    .         Harm     .   (no gloves)
MR       .....                  (boots unavailable)
Stlth    ++........             p - amulet of the gourmand
HPRegen  0.10/turn              f - ring of see invisible (curse)
MPRegen  0.17/turn              i - ring of magical power

@: no status effects
A: beak, talons 3, able to fly
a: Fly


You were on level 5 of the Dungeon.
You were very full.

You visited 1 branch of the dungeon, and saw 5 of its levels.

You collected 187 gold pieces.

Inventory:

Hand Weapons
 o - a +2 spear of venom (weapon)
Armour
 a - a +0 robe
 h - a +0 pair of gloves
 l - a +0 ring mail
 s - a +1 animal skin (worn)
 v - a +0 large shield
Jewellery
 f - a cursed ring of see invisible (left hand)
 i - a ring of magical power (right hand)
 m - a +1 ring of protection
 p - an amulet of the gourmand (around neck)
Wands
 k - a wand of disintegration (9)
 r - a wand of random effects (17)
Scrolls
 b - 2 scrolls of teleportation
 g - 4 scrolls of identify
 j - a scroll of magic mapping
 u - a scroll of remove curse
Potions
 d - a potion of curing
 e - 3 potions of lignification
 q - a potion of degeneration {unknown}
Comestibles
 c - 10 rations


   Skills:
 + Level 3.9 Dodging
 - Level 2.0 Stealth
 + Level 3.3 Spellcasting
 + Level 4.1 Conjurations
 + Level 5.5 Air Magic


You had one spell level left.
You knew the following spells:

 Your Spells              Type           Power        Failure   Level  Hunger
a - Shock                 Conj/Air       ###.         2%          1    None
b - Static Discharge      Conj/Air       ###.....     7%          3    ###....
c - Airstrike             Air            ###.......   17%         4    ####...
d - Swiftness             Chrm/Air       ##......     9%          2    ##.....

Your spell library contained the following spells:

 Spells                   Type           Power        Failure   Level  Hunger
 Lightning Bolt           Conj/Air       ###.......   54%         5    ######.


Dungeon Overview and Level Annotations

Branches:
Dungeon (5/15)
 Temple: D:4-7

Altars:
Kikubaaqudgha
Nemelex Xobeh

Annotations:
D:5 Blork the orc


Innate Abilities, Weirdness & Mutations

You have a beak for a mouth.
You have claws for feet.
You can fly continuously.


Message History

You are struck by an arc of lightning.
The lightning grounds out.
Blork the orc closely misses you.
Casting: Static Discharge (safe; 7% risk of failure)
Confirm with . or Enter, or press ? or * to list all spells.
Blork the orc is struck by an arc of lightning.
Blork the orc is severely wounded.
You are struck by an arc of lightning.
The lightning grounds out.
Blork the orc hits you with a +2 vampiric glaive!
* * * LOW HITPOINT WARNING * * *
Blork the orc draws strength from your wounds!
Casting: Static Discharge (safe; 7% risk of failure)
Confirm with . or Enter, or press ? or * to list all spells.
Blork the orc is struck by an arc of lightning!
Blork the orc is severely wounded.
You are struck by an arc of lightning.
* * * LOW HITPOINT WARNING * * *
The lightning grounds out.
Blork the orc hits you but does no damage.
Blork the orc hits you from afar with a +2 vampiric glaive!
You die...

#....# #. .......
####.###. .......
#.##..... .......
####..#.#### ....[..
#.....### ....... #.#...#
....... #.#...#
......o#######.##.#######
........@............##..
#####.#.######.#.###.##.#
#...# #.#.# #.##.# #.###
#...# #....# #. #####
###### . ##


You could see Blork the orc.

Vanquished Creatures
  A quasit (D:4)
  An iguana (D:4)
  An orc wizard (D:4)
  A worker ant (D:5)
  Robin (D:3)
  A howler monkey skeleton (D:4)
  2 adders
  An adder skeleton (D:5)
  2 worms
  2 dart slugs
  3 leopard geckos
  16 orcs
  4 giant cockroaches
  9 hobgoblins
  2 jackals (D:1)
  5 kobolds
  3 quokkas (D:3)
  9 bats
  2 frilled lizards
  17 goblins
  5 rats
88 creatures vanquished.

Notes
Turn   | Place    | Note
-------+----------+-------------------------------------------
     0 | D:1      | AarnesTheHuman the Tengu Air Elementalist began the quest
                  | for the Orb.
     0 | D:1      | Reached XP level 1. HP: 10/10 MP: 4/4
   184 | D:1      | Reached XP level 2. HP: 12/15 MP: 1/6
   741 | D:1      | Reached XP level 3. HP: 12/19 MP: 0/7
   758 | D:1      | Learned a level 3 spell: Static Discharge
  1945 | D:3      | Reached XP level 4. HP: 15/24 MP: 1/8
  2280 | D:3      | Noticed Robin
  2285 | D:3      | Killed Robin
  2802 | D:3      | Found a sparkling altar of Nemelex Xobeh.
  2802 | D:3      | Found an ancient bone altar of Kikubaaqudgha.
  2873 | D:3      | Reached skill level 5 in Air Magic
  2873 | D:3      | Gained mutation: You can fly continuously. [Tengu growth]
  2873 | D:3      | Reached XP level 5. HP: 28/28 MP: 10/10
  3648 | D:4      | Reached XP level 6. HP: 17/32 MP: 10/11
  3825 | D:4      | Learned a level 4 spell: Airstrike
  3828 | D:4      | Learned a level 2 spell: Swiftness
  4083 | D:5      | Entered Level 5 of the Dungeon
  4182 | D:5      | Noticed Blork the orc
  4195 | D:5      | Slain by Blork the orc

Skill      XL: |  1  2  3  4  5 |
---------------+----------------+-----
Conjurations   | 2 3 4 |  4.1
Dodging        | 3 |  3.9
Air Magic      | 5 |  5.5
Spellcasting   | 3 |  3.3
Stealth        | |  2.0

Action                   |  1- 3 |  4- 6 || total
-------------------------+-------+-------++-------
Melee: Dagger            |    21 |       ||    21
       Kick              |     5 |     4 ||     9
       Peck              |     3 |     5 ||     8
       Spear             |     5 |    30 ||    35
 Cast: Shock             |    67 |    76 ||   143
       Static Discharge  |     2 |    13 ||    15
  Use: Scroll            |       |     8 ||     8
       Potion            |       |     1 ||     1
  Eat: Chunk             |     4 |    23 ||    27
Armor: Robe              |    11 |     2 ||    13
       Animal skin       |       |     6 ||     6
Dodge: Dodged            |    32 |    43 ||    75
